 Dungeon Crawl Stone Soup version 0.20-a0-681-gf83e07f (webtiles) character file.

307 Alarkh the Slasher (level 6, -1/44 HPs)
             Began as a Mummy Skald on Feb 18, 2017.
             Was a Follower of Okawaru.
             Killed by divine providence
             ... invoked by an orc priest
              (12 damage)
             ... on level 3 of the Dungeon.
             The game lasted 00:08:23 (5033 turns).

Alarkh the Slasher (Mummy Skald)                    Turns: 5033, Time: 00:08:23

Health: -1/44      AC:  4    Str: 14    XL:     6   Next: 16%
Magic:  0/10       EV: 11    Int: 14    God:    Okawaru [*.....]
Gold:   272        SH:  0    Dex: 12    Spells: 4/10 levels left

rFire    x . .     SeeInvis .   a - +0 falchion
rCold    + + .     Gourm    .   e - +0 leather armour
rNeg     + + +     Faith    .   (no shield)
rPois    ∞         Spirit   +   (no helmet)
rElec    .         Reflect  .   (no cloak)
rCorr    .         Harm     .   (no gloves)
MR       .....                  m - +0 pair of boots
Stlth    +.........             p - amulet of guardian spirit
Regen    0.2/turn               (no ring)
MPRegen  0.2/turn               j - ring of protection from cold

@: drained
A: no food or potions, fire vulnerability, cold resistance 1, negative energy
resistance 3, torment resistance, unbreathing
a: Heroism, Renounce Religion


You were on level 3 of the Dungeon.
You worshipped Okawaru.
Okawaru was aware of your devotion.
You were not hungry.

You visited 1 branch of the dungeon, and saw 5 of its levels.

You collected 272 gold pieces.

Inventory:

Hand Weapons
 a - a +0 falchion (weapon)
 b - a +2 flail of venom
Armour
 e - a +0 leather armour (worn)
 m - a +0 pair of boots (worn)
Jewellery
 i - an uncursed amulet of harm
 j - a ring of protection from cold (left hand)
 k - an uncursed ring of ice
 p - an amulet of guardian spirit (around neck)
 r - a cursed ring of loudness {unknown}
Scrolls
 d - a scroll of random uselessness {unknown}
 f - 2 scrolls of remove curse
 g - 2 scrolls of amnesia
 h - a scroll of fear {unknown}
 l - a scroll of magic mapping {unknown}
 n - a scroll of identify {unknown}
 o - a scroll of recharging {unknown}
 q - a scroll of enchant armour {unknown}
Books
 c - a book of Battle

   Spells                             Type                      Level
   a - Infusion                       Charms                       1
   b - Shroud of Golubria             Charms/Translocation         2
   c - Song of Slaying                Charms                       2
   d - Spectral Weapon                Hexes/Charms                 3
   e - Regeneration                   Charms/Necromancy            3


   Skills:
 - Level 2.0(1.9) Fighting
 + Level 5.4 Long Blades
 - Level 0.7(0.6) Armour
 - Level 1.5 Dodging
 - Level 2.6 Spellcasting
 - Level 2.4(2.3) Charms


You had 4 spell levels left.
You knew the following spells:

 Your Spells              Type           Power        Failure   Level  Hunger
a - Infusion              Chrm           #...         12%         1    N/A
c - Spectral Weapon       Hex/Chrm       #.......     63%         3    N/A
e - Shroud of Golubria    Chrm/Tloc      #.........   30%         2    N/A

Dungeon Overview and Level Annotations

Branches:
Dungeon (5/15)
 Temple: D:4-7

Altars:
Okawaru
The Shining One
Beogh

Annotations:
D:4 KristoblXynda's ghost, novice SpEn


Innate Abilities, Weirdness & Mutations

You do not eat or drink.
Your flesh is vulnerable to fire.
You are immune to poison.
Your flesh is cold resistant. (rC+)
You are immune to negative energy. (rN+++)
You are immune to unholy pain and torment.
You can survive without breathing.


Message History

* * * LOW HITPOINT WARNING * * *
You completely miss the orc. You barely miss the orc.
The orc hits you with a mace.
* * * LOW HITPOINT WARNING * * *
You barely miss the orc. The orc barely misses you.
You riposte.
You hit the orc.
The orc is heavily wounded.
You closely miss the orc.
The orc is heavily wounded.
The orc barely misses you.
You barely miss the orc.
The orc is heavily wounded.
The orc closely misses you.
The orc priest shouts!
You hit the orc.
The orc is almost dead.
The orc barely misses you.
The orc priest invokes the aid of Beogh against you.
Beogh smites you!
You die...

#..%..###.#####.##.#
#............##.##.#
##...%o###.##.##.##.#
###.###.)###.##!#..##.##
#...# #...)..##........#
#.#.###..###.(###.###.##
#.##...#o###.#.##.# #.#
#.###.##.##.###...###.#
#.# #.##@###.#........##
#.# #...># #..#######..#
#.###..### #..# ##.#
#.##....## #..# #.##
#.##.....###..# #.#.
#.#.......##..# #.#.
#.............# #.#.
###.......##.## #.#.
##.....###.#########.#.


You could see an orc priest and an orc.

Vanquished Creatures
  2 orc wizards (D:3)
  2 orc priests
  2 worker ants
  3 adders
  2 oozes
  2 worms (D:2)
  2 dart slugs
  19 orcs
  A ball python (D:2)
  3 giant cockroaches
  6 goblins
  5 hobgoblins
  5 jackals
  8 kobolds
  4 quokkas
  8 bats
  4 frilled lizards
  7 rats
85 creatures vanquished.

Notes
Turn   | Place    | Note
-------+----------+-------------------------------------------
     0 | D:1      | Alarkh the Mummy Skald began the quest for the Orb.
     0 | D:1      | Reached XP level 1. HP: 16/16 MP: 4/4
    91 | D:1      | Reached skill level 2 in Long Blades
   147 | D:1      | Reached XP level 2. HP: 20/22 MP: 5/5
   672 | D:2      | Reached XP level 3. HP: 22/27 MP: 2/7
   773 | D:2      | Learned a level 2 spell: Shroud of Golubria
   777 | D:2      | Learned a level 3 spell: Spectral Weapon
   808 | D:2      | Found a glowing golden altar of the Shining One.
   827 | D:2      | Reached skill level 3 in Long Blades
  1742 | D:3      | Reached XP level 4. HP: 29/33 MP: 6/8
  1834 | D:3      | Found a faded altar of an unknown god.
  1922 | D:3      | Became a worshipper of Warmaster Okawaru
  1922 | D:3      | Reached * piety under Okawaru
  2551 | D:3      | Reached skill level 4 in Long Blades
  2753 | D:3      | Found a roughly hewn altar of Beogh.
  2883 | D:2      | Reached XP level 5. HP: 21/38 MP: 6/9
  3443 | D:3      | Reached skill level 5 in Long Blades
  3762 | D:4      | Noticed KristoblXynda's ghost (novice SpEn)
  4066 | D:3      | Reached XP level 6. HP: 33/44 MP: 10/10
  4228 | D:5      | Entered Level 5 of the Dungeon
  4260 | D:5      | Noticed a sky beast
  5033 | D:3      | Killed from afar by an orc priest

Vault maps used:
D:1:      dpeg_arrival_long_road
D:2:      nicolae_tso_carved_into_rock, first_bread
D:3:      chequers_ecumenical_altar_simple, mrwooster_statue_mirror,
          kennysheep_orc_chapel
D:4:      minmay_wonky_spiral, minmay_temple_entry_statues_pillars
D:5:      cheibrodos_worm_habitat

Skill      XL: |  1  2  3  4  5 |
---------------+----------------+-----
Long Blades    | 2 3 4 5 |  5.4
Fighting       | |  2.0
Armour         | |  0.7
Dodging        | |  1.5
Spellcasting   | |  2.6
Charms         | |  2.4

Action                   |  1- 3 |  4- 6 || total
-------------------------+-------+-------++-------
Melee: Falchion          |   106 |   265 ||   371
       Flail             |       |    13 ||    13
 Cast: Infusion          |    13 |    26 ||    39
       Shroud of Golubri |     1 |     4 ||     5
       Spectral Weapon   |       |     4 ||     4
Invok: Heroism           |       |     4 ||     4
  Use: Scroll            |     2 |     4 ||     6
 Stab: Distracted        |       |     1 ||     1
Armor: Leather armour    |    25 |    71 ||    96
Dodge: Dodged            |    79 |   155 ||   234
       Rpst.: Falchion   |    40 |    41 ||    81
